 Seeded DCSS version 0.30-a0-739-gea05faddec (webtiles) character file.

Game seed: 11369090909875061491 (custom seed)

28115 timneilson the Blocker (level 13, -1/79 HPs)
             Began as a Gargoyle Fighter on Feb 4, 2023.
             Was the Champion of Okawaru.
             Slain by a swamp worm (16 damage)
             ... on level 2 of the Lair of Beasts.
             The game lasted 00:26:35 (13498 turns).

timneilson the Blocker (Gargoyle Fighter)          Turns: 13498, Time: 00:26:36

Health: -1/79      AC: 33    Str: 21    XL:     13   Next: 36%
Magic:  1/17       EV:  9    Int:  9    God:    Okawaru [******]
Gold:   573        SH:  9    Dex: 18    Spells: 12/12 levels left

rFire   + + .      SeeInvis .    x - +0 falchion (flame)
rCold   + . .      Faith    .    c - +1 buckler
rNeg    + . .      Spirit   .    s - +0 plate armour
rPois   ∞          Reflect  .    (no helmet)
rElec   +          Harm     .    u - scarf {rC+ rF+}
rCorr   .          Rampage  +    e - +3 Mad Mage's Maulers {Infuse+∞ VampMP -Cast}
Will    +....      NoCast   +    E - +2 pair of boots {rampage} Stlth
                                 A - amulet of magic regeneration
HPRegen 0.33/turn                l - ring of protection from fire
MPRegen 0.55/turn                D - ring "Laikk" {Will+ Dex+5}

@: studying Shields
A: sickness immunity, AC +9, negative energy resistance 1, electricity
resistance, torment resistance 1, petrification resistance
a: Renounce Religion, Heroism, Finesse, Duel


You were on level 2 of the Lair of Beasts.
You worshipped Okawaru.
Okawaru was exalted by your worship.
You visited 3 branches of the dungeon, and saw 14 of its levels.
You also visited: Gauntlet.

You collected 669 gold pieces.
You spent 96 gold pieces at shops.

Inventory:

Hand Weapons
 a - a +1 long sword
 t - the +8 scimitar of the Tundras {freeze, SInv}
   (You acquired it on level 6 of the Dungeon)

   SInv:      It lets you see invisible.
 x - a +0 falchion of flaming (weapon)
Armour
 c - a +1 buckler (worn)
 e - the +3 Mad Mage's Maulers (worn) {Infuse+∞ VampMP -Cast}
   (You acquired it on level 2 of the Dungeon)

   Infuse+∞: It empowers its wearer's blows with all of their magic.
   VampMP:    Blows struck in melee replenish the wearer's magic.
   -Cast:     It prevents spellcasting.
 s - a +0 plate armour (worn)
 u - a scarf of resistance (worn)
 E - a +2 pair of boots of rampaging (worn)
Jewellery
 l - a ring of protection from fire (left hand)
 A - an amulet of magic regeneration (around neck)
 D - the ring "Laikk" (right hand) {Will+ Dex+5}
   (You found it in a Gauntlet)

   [ring of willpower]

   Dex:       It affects your dexterity (+5).
   Will:      It increases your willpower.
 G - the ring "Ubiogane" {Wiz rN+}
   (You took it off a minotaur in a Gauntlet)

   [ring of wizardry]

   It improves your spell success rate.
   rN:        It protects you from negative energy.
 H - a +6 ring of dexterity
Wands
 o - a wand of iceblast (10)
Scrolls
 g - 2 scrolls of fog
 j - 3 scrolls of poison
 k - 4 scrolls of amnesia
 m - 2 scrolls of enchant armour
 n - a scroll of immolation
 q - 3 scrolls of teleportation
 v - a scroll of enchant weapon
 y - 5 scrolls of identify
 F - a scroll of blinking
 I - a scroll of magic mapping
 K - a scroll of fear {unknown}
Potions
 b - 2 potions of lignification
 d - 2 potions of mutation
 f - 4 potions of attraction
 h - 4 potions of cancellation
 i - 3 potions of brilliance
 p - 9 potions of curing
 r - 2 potions of heal wounds
 w - 3 potions of haste
 z - 3 potions of flight
 B - a potion of resistance
 C - a potion of ambrosia
Miscellaneous
 J - a tin of tremorstones (2/2)


   Skills:
 + Level 8.6 Fighting
 * Level 9.7 Long Blades
 * Level 11.8 Armour
 + Level 5.9 Dodging
 * Level 14.7 Shields
 + Level 6.4 Invocations
 + Level 6.3 Evocations


You had 12 spell levels left.
You didn't know any spells.
Your spell library contained the following spells:

 Spells                   Type           Power      Damage    Failure   Level
 Foxfire                  Conj/Fire      0%         2x1d4     99%         1
 Sting                    Tmut/Pois      0%         1d3       99%         1
 Blink                    Tloc           0%         N/A       100%        2
 Lesser Beckoning         Tloc           0%         N/A       100%        2
 Momentum Strike          Conj/Tloc      0%         3d8       100%        2
 Poisonous Vapours        Pois/Air       0%         N/A       100%        2
 Frozen Ramparts          Ice            0%         1d1       100%        3
 Inner Flame              Hex/Fire       0%         N/A       100%        3
 Mephitic Cloud           Conj/Pois/Air  0%         N/A       100%        3
 Cause Fear               Hex            0%         N/A       100%        4
 Ice Form                 Ice/Tmut       0%         N/A       100%        4
 Olgreb's Toxic Radiance  Pois           0%         N/A       100%        4
 Passage of Golubria      Tloc           0%         N/A       100%        4
 Alistair's Intoxication  Tmut/Pois      0%         N/A       100%        5
 Arcjolt                  Conj/Air       0%         1d10      100%        5
 Borgnjor's Vile Clutch   Necr/Erth      0%         N/A       100%        5
 Silence                  Hex/Air        0%         N/A       100%        5
 Yara's Violent Unravell  Hex/Tmut       0%         3d3       100%        5
 Eringya's Noxious Bog    Tmut/Pois      0%         N/A       100%        6
 Discord                  Hex            0%         N/A       100%        8
 Lehudib's Crystal Spear  Conj/Erth      0%         10d2      100%        8
 Summon Small Mammal      Summ           Unusable   N/A       N/A         1
 Call Canine Familiar     Summ           Unusable   N/A       N/A         3
 Summon Guardian Golem    Hex/Summ       Unusable   N/A       N/A         3
 Tukima's Dance           Hex            Unusable   N/A       N/A         3
 Summon Ice Beast         Ice/Summ       Unusable   N/A       N/A         4

Dungeon Overview and Level Annotations

Branches:
Dungeon (11/15)            Temple (1/1) D:7            Lair (2/5) D:9
 Spider (0/4) Lair:2      Gauntlet (visited)
  Swamp: Lair:2-3    Shoals: Lair:2-3       Orc: D:9-12

Altars:
Ashenzari
Cheibriados
Dithmenos
Elyvilon
Fedhas
Gozag
Hepliaklqana
Kikubaaqudgha
Makhleb
Nemelex Xobeh
Okawaru
Qazlal
Ru
Sif Muna
Trog
Uskayaw
Vehumet
Wu Jian
Xom
Yredelemnul
Zin
The Shining One

Shops:
D:7 (   D:10 (

Annotations:
Lair:1 2 runed translucent doors, jimonade's ghost, journeyman DjHW


Innate Abilities, Weirdness & Mutations

You are immune to sickness and miasma.
Your stone body is resilient. (AC +9)
You are immune to poison.
You resist negative energy. (rN+)
You are resistant to electric shocks. (rElec)
You are resistant to unholy torment.
You are immune to petrification.


Message History

A tyrant leech comes into view.
The swamp worm bites you. The six-headed hydra barely misses you.
The six-headed hydra bites you but does no damage.
You block the six-headed hydra's attack.
The six-headed hydra bites you!
The six-headed hydra bites you but does no damage.
You block the six-headed hydra's attack.
The swamp worm bites you.
You lop one of the six-headed hydra's heads off!
The flame cauterises the wound!
You slash the five-headed hydra! You burn the five-headed hydra.
The five-headed hydra is moderately wounded.
The swamp worm bites you. The swamp worm bites you!
The five-headed hydra bites you but does no damage.
You block the five-headed hydra's attack.
The five-headed hydra bites you!
The five-headed hydra bites you but does no damage.
The five-headed hydra bites you.
You slice one of the five-headed hydra's heads off!
The flame cauterises the wound!
You slash the four-headed hydra! You burn the four-headed hydra.
The four-headed hydra is heavily wounded.
The swamp worm completely misses you. x2
The four-headed hydra bites you but does no damage. x4
You block the tyrant leech's attack.
You chop one of the four-headed hydra's heads off!
The flame cauterises the wound!
You slash the three-headed hydra! You burn the three-headed hydra.
The three-headed hydra is severely wounded.
The swamp worm bites you.
The swamp worm bites you but does no damage.
You hack one of the three-headed hydra's heads off!
The flame cauterises the wound!
You slash the two-headed hydra! You burn the two-headed hydra.
The two-headed hydra is almost dead.
The two-headed hydra bites you but does no damage.
The two-headed hydra bites you!
* * * LOW HITPOINT WARNING * * *
The swamp worm bites you!
You die...

#♣..................
♣♣♣♣♣...............
♣♣≈≈≈♣.#####.#......# §.
♣≈≈≈≈♣.## ###....### .§
♣≈~≈~♣..### #......#
♣§♣~≈~~♣..#.####....###
♣§§≈~~~♣...###.P....#.#
♣...≈ww♣...............
♣♣..~w@................
♣♣.♣D...../...........
♣♣♣♣♣.♣............... ##♣♣♣♣♣♣♣
♣.♣.♣♣♣...............
..♣♣..♣.♣♣♣♣#...♣................
.†...............................
#.#....>..............+#.##......
..........##.......#......##.....
...................#.#...#.#.....


You could see a two-headed hydra, a tyrant leech and 2 swamp worms.

Vanquished Creatures
  A minotaur (Gauntlet)
  A green death (Gauntlet)
  3 hydras
  An ogre mage (D:11)
  A centaur warrior (D:11)
  4 two-headed ogres
  3 large abominations (Gauntlet)
  2 orc knights (D:11)
  A deep elf pyromancer (D:11)
  An ugly thing (D:11)
  A manticore (D:11)
  2 black mambas
  A torpor snail (Lair:2)
  7 cane toads
  An unseen horror (D:11)
  2 orange demons (Gauntlet)
  3 komodo dragons
  A hornet (D:9)
  Prince Ribbit (D:5)
  5 slime creatures
  6 blink frogs
  A spriggan (Lair:1)
  A shadow (D:10)
  7 wyverns
  24 yaks
  A vampire (D:10)
  A basilisk (D:9)
  5 small abominations (Gauntlet)
  3 steam dragons
  Edmund (D:5)
  3 vampire mosquitoes (D:9)
  An acid dragon (D:9)
  9 water moccasins
  2 orc warriors
  2 black bears
  A sky beast (D:6)
  3 centaurs
  An ice beast (D:6)
  5 wolves (Lair:2)
  3 phantoms
  A kobold brigand (D:9)
  10 bullfrogs
  A necrophage (D:6)
  3 scorpions
  3 wights (D:10)
  11 killer bees (D:10)
  2 howler monkeys
  A vampire bat (D:7)
  2 electric eels
  3 orc priests
  3 hounds (D:4)
  2 jellies
  7 iguanas
  5 orc wizards
  5 gnolls
  13 adders
  A shadow imp (D:6)
  2 white imps
  3 ufetubi
  3 worms
  2 dart slugs
  47 orcs
  3 endoplasms
  A giant cockroach (D:4)
  5 goblins
  7 hobgoblins
  6 jackals
  A quokka (D:1)
  2 ball pythons (D:2)
  15 bats
  2 frilled lizards (D:1)
  9 kobolds
  3 rats
306 creatures vanquished.

Vanquished Creatures (others)
  4 fungi
  38 plants
42 creatures vanquished.

Grand Total: 348 creatures vanquished

Notes
Turn   | Place    | Note
-------+----------+-------------------------------------------
     0 | D:1      | timneilson the Gargoyle Fighter began the quest for the
                  | Orb.
     0 | D:1      | Reached XP level 1. HP: 14/14 MP: 1/1
   120 | D:1      | Reached XP level 2. HP: 18/19 MP: 2/2
   394 | D:1      | Reached XP level 3. HP: 11/23 MP: 3/3
   943 | D:2      | Reached XP level 4. HP: 28/28 MP: 4/4
  1191 | D:2      | You fall into a shaft and drop 2 floors!
  1195 | D:4      | Noticed a scorpion
  1206 | D:4      | Killed a scorpion
  1207 | D:4      | Reached skill level 1 in Dodging
  1207 | D:4      | Reached skill level 4 in Shields
  1207 | D:4      | Reached XP level 5. HP: 26/33 MP: 5/5
  1319 | D:2      | Identified a scroll of acquirement
  1319 | D:2      | Acquired the +3 Mad Mage's Maulers {Infuse+∞ VampMP -Cast}
  1319 | D:2      | Found the +3 Mad Mage's Maulers {Infuse+∞ VampMP -Cast}
  1698 | D:3      | HP: 2/49 [something/puff of flame (3)]
  1960 | D:3      | Reached XP level 6. HP: 38/38 MP: 1/6
  3109 | D:4      | Reached skill level 1 in Evocations
  3327 | D:4      | Reached skill level 5 in Armour
  3337 | D:4      | Reached XP level 7. HP: 39/43 MP: 1/7
  3396 | D:4      | Found a large runed translucent door.
  3398 | D:4      | Found a large runed translucent door.
  3465 | D:4      | Reached skill level 5 in Shields
  4175 | D:4      | Found a snail-covered altar of Cheibriados.
  4182 | D:4      | Found an ornate altar of the Wu Jian Council.
  4261 | D:5      | Entered Level 5 of the Dungeon
  4696 | D:5      | Found an opulent altar of Gozag.
  4830 | D:5      | Noticed Edmund
  4839 | D:5      | Killed Edmund
  4840 | D:5      | Reached XP level 8. HP: 44/48 MP: 1/8
  5407 | D:5      | Noticed Prince Ribbit
  5444 | D:5      | Killed Prince Ribbit
  5704 | D:6      | Reached skill level 6 in Shields
  6054 | D:6      | Reached skill level 5 in Fighting
  6242 | D:6      | Reached skill level 5 in Long Blades
  6355 | D:6      | Reached XP level 9. HP: 54/54 MP: 1/9
  6537 | D:6      | Identified the +1 ring mail of Athriodo {rCorr Str+7 SInv}
  6775 | D:6      | Acquired the +8 scimitar of the Tundras {freeze, SInv}
  6916 | D:7      | Reached skill level 7 in Shields
  7045 | D:7      | Found a shimmering blue altar of Sif Muna.
  7049 | D:7      | Found a stormy altar of Qazlal.
  7294 | D:7      | Found a staircase to the Ecumenical Temple.
  7307 | Temple   | Entered the Ecumenical Temple
  7312 | Temple   | Became a worshipper of Warmaster Okawaru
  7388 | D:7      | Found Waristriy's Weapon Shoppe.
  7399 | D:7      | Bought a +0 falchion of flaming for 96 gold pieces
  7471 | D:7      | Found a white marble altar of Elyvilon.
  7951 | D:8      | Acquired a manual of Shields
  8023 | D:8      | Reached * piety under Okawaru
  8024 | D:8      | Reached skill level 1 in Invocations
  8425 | D:8      | Noticed a two-headed ogre
  8433 | D:8      | Killed a two-headed ogre
  8434 | D:8      | Reached skill level 8 in Shields
  8434 | D:8      | Reached XP level 10. HP: 60/60 MP: 6/11
  8753 | D:9      | Reached ** piety under Okawaru
  8761 | D:9      | Reached skill level 9 in Shields
  8988 | D:9      | Reached *** piety under Okawaru
  9036 | D:9      | Reached skill level 10 in Shields
  9062 | D:9      | Reached **** piety under Okawaru
  9071 | D:9      | Found a staircase to the Lair.
  9098 | D:9      | Reached XP level 11. HP: 55/66 MP: 2/13
  9140 | D:9      | Noticed a two-headed ogre
  9147 | D:9      | Killed a two-headed ogre
  9220 | D:9      | Found a bloodstained altar of Trog.
  9412 | D:9      | Reached ***** piety under Okawaru
  9708 | D:10     | Entered Level 10 of the Dungeon
  9747 | D:10     | Reached skill level 11 in Shields
 10113 | D:10     | Found Soetosof's Weapon Shoppe.
 10598 | D:11     | Noticed a five-headed hydra
 10598 | D:11     | Noticed an ogre mage
 10628 | D:10     | Killed a one-headed hydra
 10761 | D:11     | Noticed a two-headed ogre
 10774 | D:11     | Killed a two-headed ogre
 10782 | D:11     | Killed an ogre mage
 10783 | D:11     | Reached skill level 10 in Armour
 10783 | D:11     | Reached skill level 5 in Evocations
 10783 | D:11     | Noticed an orc knight
 10793 | D:11     | Killed an orc knight
 10796 | D:11     | Noticed a deep elf pyromancer
 10798 | D:11     | Noticed a centaur warrior
 10803 | D:11     | Noticed a red ugly thing
 10804 | D:11     | Killed a deep elf pyromancer
 10804 | D:11     | Reached ****** piety under Okawaru
 10805 | D:11     | Reached skill level 12 in Shields
 10813 | D:11     | Noticed a manticore
 10813 | D:11     | Noticed an orc knight
 10821 | D:11     | Killed a red ugly thing
 10828 | D:11     | Killed a centaur warrior
 10828 | D:11     | Identified the +0 cloak of the Serpent {rPois} (Okawaru
                  | gifted it to you on level 11 of the Dungeon)
 10828 | D:11     | Received a gift from Okawaru
 10829 | D:11     | Reached skill level 5 in Dodging
 10829 | D:11     | Reached XP level 12. HP: 46/72 MP: 3/15
 10851 | D:11     | Noticed a two-headed ogre
 10857 | D:11     | Killed a two-headed ogre
 10858 | D:11     | Reached skill level 5 in Invocations
 10925 | Lair:1   | Entered Level 1 of the Lair of Beasts
 11350 | Lair:1   | Reached skill level 13 in Shields
 11482 | Lair:1   | Noticed a four-headed hydra
 11490 | Lair:1   | Killed a one-headed hydra
 11863 | Lair:1   | Found a large runed translucent door.
 11863 | Lair:1   | Found a large runed translucent door.
 11867 | Lair:1   | Noticed jimonade's ghost (journeyman DjHW)
 12387 | Lair:2   | Found an ancient bone altar of Kikubaaqudgha.
 12495 | Lair:2   | Found a gate leading to a gauntlet.
 12502 | Gauntlet | Entered a Gauntlet
 12502 | Gauntlet | Found a transporter.
 12515 | Gauntlet | Found a transporter.
 12517 | Gauntlet | Found a transporter.
 12519 | Gauntlet | Found a transporter.
 12520 | Gauntlet | Found a transporter.
 12521 | Gauntlet | Found a transporter.
 12529 | Gauntlet | Found a transporter.
 12529 | Gauntlet | Noticed a reaper
 12530 | Gauntlet | Found a transporter.
 12540 | Gauntlet | Noticed a green death
 12547 | Gauntlet | Found a transporter.
 12572 | Gauntlet | Found a transporter.
 12574 | Gauntlet | Found a transporter.
 12578 | Gauntlet | Noticed a balrug
 12582 | Gauntlet | Found a transporter.
 12763 | Gauntlet | Reached skill level 14 in Shields
 12763 | Gauntlet | Reached XP level 13. HP: 79/79 MP: 3/17
 12777 | Gauntlet | Received a gift from Okawaru
 12788 | Gauntlet | Identified the ring "Laikk" {Will+ Dex+5}
 12897 | Gauntlet | Killed a green death
 12936 | Gauntlet | Identified the ring "Ubiogane" {Wiz rN+}
 12936 | Gauntlet | Noticed a minotaur
 12939 | Gauntlet | Killed a minotaur
 12939 | Gauntlet | Identified the +5 ring mail "Oppuntui" {Stlth+} (Okawaru
                  | gifted it to you in a Gauntlet)
 12939 | Gauntlet | Received a gift from Okawaru
 12944 | Gauntlet | Got the Lectures on Conjuration
 13127 | Lair:2   | Found a hole to the Spider Nest.
 13498 | Lair:2   | Slain by a swamp worm

Illustrated notes

Levels and vault maps discovered:
D:1:      lightli_arrival_lavapool, layout_basic
D:2:      layout_basic
D:3:      layout_loops_ring, chequers_serial_rivers_large_a
D:4:      layout_basic, jmf_multi_god_temple2
D:5:      layout_basic, nicolae_gozag_cash_rules_everything_around_me,
          uniq_edmund, uniq_prince_ribbit1
D:6:      layout_loops_cross
D:7:      layout_loops_ring, elyvilon_altar_3, nicolae_overflow_hidden_temple,
          minmay_temple_entry_statues_fountains, serial_shops,
          nicolae_shop_bloodbath_and_beyond, roderic_batcave
D:8:      layout_basic, nicolae_concentric_dashed_squares_mild
D:9:      layout_basic, mainiacjoe_overflow_alcove_4, minmay_lair_entry_grove
D:10:     layout_basic, serial_shops, shop_statue
D:11:     minmay_cut_squares, layout_loops_ring, tgw_trog
Temple:   minmay_freezing_vapour_temple
Lair:1:   cheibrodos_lair_river_kwai, layout_cave_pods,
          ebering_ghost_disaster_area, grunt_forest_large_clearing_hut
Lair:2:   layout_chaotic_city, palyth_hydra_swamp_entry, dummy_spider_entry,
          gauntlet_entry_generic, basic_altar, serial_bayou_shore_a,
          grunt_megastairs_1

Skill      XL: |  1  2  3  4  5  6  7  8  9 10 11 12 |
---------------+-------------------------------------+-----
Long Blades    | 2 3 4 5 6 7 8 9 |  9.7
Armour         | 4 5 6 8 9 10 11 | 11.8
Dodging        | 1 2 3 4 5 |  5.9
Shields        | 4 5 6 8 10 12 14 | 14.7
Fighting       | 4 5 6 7 8 |  8.6
Evocations     | 1 2 3 4 5 6 |  6.3
Invocations    | 2 3 4 6 |  6.4

Action                     |  1- 3 |  4- 6 |  7- 9 | 10-12 | 13-15 || total
---------------------------+-------+-------+-------+-------+-------++-------
  Melee: Long sword        |   109 |   129 |   203 |       |       ||   441
         Scimitar          |       |       |    83 |   348 |    62 ||   493
         Falchion          |       |       |       |    14 |    10 ||    24
 Invoke: Heroism           |       |       |       |     3 |     1 ||     4
         Finesse           |       |       |       |       |     1 ||     1
    Use: Scroll            |     3 |     5 |    10 |     9 |       ||    27
         Potion            |       |     3 |     7 |     3 |       ||    13
 Armour: Scale mail        |    70 |    69 |    11 |       |       ||   150
         Chain mail        |       |       |   148 |   107 |       ||   255
         Plate armour      |       |       |       |   105 |    80 ||   185
  Dodge: Dodged            |    73 |    63 |    84 |   127 |    30 ||   377
  Block: Buckler           |    29 |    31 |    80 |   144 |    33 ||   317

Table legend: (Time is in decaauts)
 A = Elapsed time spent in this place.
 B = Non-inter-level travel time spent in this place.
 C = Inter-level travel time spent in this place.
 D = Time resting spent in this place.
 E = Time spent auto-exploring this place.
 F = Levels seen in this place.
 G = Mean time per level.
                   A        B        C        D        E       F      G
               +--------+--------+--------+--------+--------+-----+--------+
         Total |  13662 |  13417 |    245 |    448 |   9926 |  15 |  910.8 |
       Dungeon |  11068 |  10874 |    194 |    353 |   8274 |  11 | 1006.2 |
        Temple |     18 |     18 |      0 |      0 |      0 |   1 |   18.0 |
          Lair |   2133 |   2083 |     50 |      0 |   1499 |   2 | 1066.5 |
      Gauntlet |    441 |    441 |      0 |     95 |    152 |   1 |  441.0 |
               +--------+--------+--------+--------+--------+-----+--------+

Top non-repeatable levels by time:
     D:4: 1503 daAuts
     D:5: 1462 daAuts
  Lair:1: 1382 daAuts
     D:3: 1365 daAuts
     D:6: 1206 daAuts
    D:10: 1053 daAuts
     D:7: 1016 daAuts
     D:9: 935 daAuts
     D:8: 885 daAuts
     D:2: 796 daAuts
  Lair:2: 751 daAuts
     D:1: 697 daAuts
Gauntlet: 441 daAuts
    D:11: 145 daAuts
  Temple: 18 daAuts
